 Dungeon Crawl Stone Soup version 0.20-a0-350-ga83eecc (webtiles) character file.

503 Duffy the Chopper (level 7, -1/44 HPs)
             Began as a Tengu Gladiator on Dec 24, 2016.
             Succumbed to a water moccasin's poison
             ... on level 5 of the Dungeon.
             The game lasted 00:05:28 (4955 turns).

Duffy the Chopper (Tengu Gladiator)                 Turns: 4955, Time: 00:05:29

Health: -1/44      AC:  5    Str: 16    XL:     7   Next: 17%
Magic:  6/8        EV: 20    Int:  9    God:
Gold:   221        SH:  4    Dex: 20    Spells: 6/6 levels left

rFire  . . .     SeeInvis .     a - +0 war axe
rCold  . . .     Gourm    .     j - +0 ring mail
rNeg   . . .     Faith    .     h - +0 buckler
rPois  .         Spirit   .     c - +0 hat
rElec  .         Reflect  .     (no cloak)
rCorr  .         Harm     .     (no gloves)
MR     .....                    (boots unavailable)
Stlth  ++........               (no amulet)
                                (no ring)
                                (no ring)

@: agile, lethally poisoned (-1 -> -24), flying quickly and evasively, quick
A: beak, talons 3, able to fly 1
a: no special abilities


You were on level 5 of the Dungeon.
You were not hungry.

You visited 1 branch of the dungeon, and saw 5 of its levels.

You collected 221 gold pieces.

Inventory:

Hand Weapons
 a - a +0 war axe (weapon)
 y - a +2 falchion of flaming
Missiles
 d - 2 throwing nets (quivered) {!f}
Armour
 b - a +0 leather armour
 c - a +0 hat (worn)
 h - a +0 buckler (worn)
 j - a +0 ring mail (worn)
Jewellery
 p - an uncursed ring of ice
Scrolls
 e - 2 scrolls of amnesia {unknown}
 g - 2 scrolls of magic mapping {unknown}
 i - 2 scrolls of fear {unknown}
 k - 2 scrolls of teleportation {unknown}
 l - a scroll of remove curse {unknown}
 m - 2 scrolls of identify {unknown}
 t - a scroll of recharging {unknown}
Potions
 n - a potion of mutation {unknown}
 o - a potion of agility
 q - a potion of might {unknown}
 r - a potion of cancellation {unknown}
 v - a potion of flight {unknown}
 w - a potion of curing {unknown}
 x - a potion of lignification {unknown}
Comestibles
 f - 3 bread rations
 s - a chunk of flesh
 u - a meat ration
 z - a beef jerky


   Skills:
 + Level 5.4 Fighting
 + Level 6.6 Axes
 - Level 2.0 Throwing
 - Level 3.2 Dodging


You had 6 spell levels left.
You didn't know any spells.

Dungeon Overview and Level Annotations

Branches:
Dungeon (5/15)
 Temple: D:4-7

Altars:
Ru

Annotations:
D:3 sergedm's ghost, amateur DECj
D:4 aspy's ghost, amateur DrAK


Innate Abilities, Weirdness & Mutations

You have a beak for a mouth.
You have claws for feet.
You can fly.


Message History

You feel sick.
The water moccasin bites you but does no damage.
The water moccasin misses you.
You completely miss the water moccasin. Your kick misses the water moccasin.
The water moccasin is severely wounded.
You feel sick. The water moccasin bites you.
You barely miss the water moccasin. You peck the water moccasin.
The water moccasin is almost dead.
You feel sick. The water moccasin barely misses you.
The water moccasin bites you.
You are lethally poisoned!
The water moccasin poisons you!
You closely miss the water moccasin.
The water moccasin is almost dead.
You feel very sick. The water moccasin bites you!
The water moccasin bites you but does no damage.
It was a potion of agility.
You feel agile all of a sudden.
You die...

#......# ######.# .#.
##<## ..= #...# ..#
#...# ####..# #...#
#.....# .
#####...####.# ..#
..#...........o##..#
..............ZS@..#
#.#...(........##..=..#
###......###.# .###...
#.#....###....# #
#.......#####.#
#.#.....# ...
#.##.#....# ##.# #.
.......# . #.#####...#


You could see a water moccasin, an orc and a hound skeleton.

Vanquished Creatures
  An ogre (D:3)
  2 orc priests
  A hound (D:4)
  An orc wizard (D:3)
  Ijyb (D:2)
  2 worker ants
  3 gnolls (D:2)
  7 adders
  An ooze (D:3)
  2 adder skeletons
  2 worms (D:3)
  5 dart slugs
  4 leopard geckos
  7 orcs (D:3)
  11 bats
  2 giant cockroaches (D:3)
  4 hobgoblins
  5 jackals
  A quokka (D:2)
  4 frilled lizards
  8 goblins
  9 kobolds
  11 rats
94 creatures vanquished.

Vanquished Creatures (others)
  An orc priest (D:3)
1 creature vanquished.

Grand Total: 95 creatures vanquished

Notes
Turn   | Place    | Note
-------+----------+-------------------------------------------
     0 | D:1      | Duffy the Tengu Gladiator began the quest for the Orb.
     0 | D:1      | Reached XP level 1. HP: 12/12 MP: 2/2
    20 | D:1      | You fall through a shaft!
   258 | D:2      | Reached XP level 2. HP: 9/18 MP: 3/3
   576 | D:3      | Reached skill level 4 in Axes
   576 | D:3      | Reached XP level 3. HP: 20/22 MP: 4/4
   842 | D:3      | Reached skill level 3 in Fighting
   966 | D:3      | Reached XP level 4. HP: 13/28 MP: 5/5
  1224 | D:3      | Gained mutation: You can fly. [Tengu growth]
  1224 | D:3      | Reached XP level 5. HP: 30/33 MP: 6/6
  1273 | D:3      | Reached skill level 4 in Fighting
  1409 | D:4      | Noticed an ogre
  1409 | D:4      | Noticed aspy's ghost (amateur DrAK)
  1599 | D:3      | Reached skill level 5 in Axes
  1828 | D:3      | Noticed sergedm's ghost (amateur DECj)
  2784 | D:2      | Reached XP level 6. HP: 26/39 MP: 7/7
  3435 | D:2      | Noticed Ijyb
  3446 | D:2      | Killed Ijyb
  3564 | D:3      | Reached skill level 5 in Fighting
  3564 | D:3      | Reached skill level 6 in Axes
  3991 | D:3      | Found a sacrificial altar of Ru.
  4536 | D:4      | Reached XP level 7. HP: 42/44 MP: 8/8
  4684 | D:5      | Entered Level 5 of the Dungeon
  4954 | D:5      | HP: 1/44 [water moccasin (7)]
  4955 | D:5      | Succumbed to a water moccasin's poison

Vault maps used:
D:1:      mushboom_english_gardens
D:2:      uniq_iyjb
D:3:      nicolae_overflow_hidden_temple
D:4:      grunt_temple_overflow_lords_of_destruction
D:5:      first_bread

Skill      XL: |  1  2  3  4  5  6 |
---------------+-------------------+-----
Axes           | 4 5 6 |  6.6
Fighting       | 3 4 5 |  5.4
Throwing       | |  2.0
Dodging        | |  3.2

Action                   |  1- 3 |  4- 6 |  7- 9 || total
-------------------------+-------+-------+-------++-------
Melee: War axe           |    64 |   172 |    18 ||   254
       Kick              |    16 |    51 |     4 ||    71
       Peck              |     8 |    33 |     3 ||    44
Throw: Throwing net      |     3 |       |     2 ||     5
 Abil: Fly               |       |     5 |     2 ||     7
  Use: Potion            |       |       |     1 ||     1
 Stab: Sleeping          |     1 |       |       ||     1
  Eat: Chunk             |       |    12 |     2 ||    14
Armor: Leather armour    |    17 |       |       ||    17
       Ring mail         |     7 |    61 |     5 ||    73
Dodge: Dodged            |    59 |    86 |    12 ||   157
Block: Buckler           |     6 |    25 |     1 ||    32
